 Dungeon Crawl Stone Soup version 0.17.1-2-g5865329 (webtiles) character file.

572 RedPan the Chiller (level 7, 0/41 HPs)
             Began as an Octopode Ice Elementalist on Jan 22, 2016.
             Was a Follower of Vehumet.
             Slain by Robin
             ... wielding a +0 club
              (6 damage)
             ... on level 3 of the Dungeon.
             The game lasted 00:08:43 (3224 turns).

RedPan the Chiller (Octopode Ice Elementalist)      Turns: 3224, Time: 00:08:43

Health: 0/41       AC:  1    Str:  6 (8)  XL:     7   Next: 34%
Magic:  14/14      EV: 12    Int: 19      God:    Vehumet [*.....]
Gold:   114        SH:  0    Dex: 12      Spells: 3 memorised, 10 levels left

rFire  x . .     SeeInvis .     n - +3 dagger (elec)
rCold  + . .     Clarity  .     (no shield)
rNeg   . . .     SustAt   .     (helmet restricted)
rPois  .         Gourm    .     (no amulet)
rElec  .         Spirit   .     k - ring of ice
rCorr  .         Warding  .     (no ring)
rMut   .         Stasis   .     (no ring)
MR     .....                    (no ring)
Stlth  +++.......               (no ring)
                                (no ring)
                                (no ring)
                                (no ring)

@: not resistant to hostile enchantments, fairly stealthy
A: almost no armour, amphibious, 8 rings, constrict 8, camouflage 1, gelatinous
body 1
a: Renounce Religion


You were on level 3 of the Dungeon.
You worshipped Vehumet.
Vehumet was aware of your devotion.
You were not hungry.

You visited 2 branches of the dungeon, and saw 5 of its levels.

You collected 114 gold pieces.

Inventory:

Hand Weapons
 d - a +1 whip of flaming
 m - a cursed +0 falchion
 n - a +3 dagger of electrocution (weapon)
Jewellery
 k - a ring of ice (left tentacle)
Scrolls
 c - 2 scrolls of remove curse {unknown}
 e - a scroll of immolation {unknown}
 g - a scroll of identify {unknown}
 h - a scroll of noise {unknown}
 q - 2 scrolls of fear {unknown}
 s - 2 scrolls of fog {unknown}
 t - a scroll of recharging {unknown}
Potions
 l - a potion of might {unknown}
 o - a potion of lignification {unknown}
 p - a potion of brilliance {unknown}
Books
 a - a book of Frost

   Spells                             Type                      Level
   a - Freeze                         Ice                          1
   b - Throw Frost                    Conjuration/Ice              2
   c - Ozocubu's Armour               Charms/Ice                   3
   d - Throw Icicle                   Conjuration/Ice              4
   e - Summon Ice Beast               Ice/Summoning                4
   f - Condensation Shield            Ice                          4
Comestibles
 b - 2 bread rations
 r - a slice of pizza


   Skills:
 - Level 2.1 Dodging
 - Level 2.6 Stealth
 - Level 5.0 Spellcasting
 - Level 1.0 Conjurations
 + Level 6.3 Ice Magic


You had 10 spell levels left.
You knew the following spells:

 Your Spells              Type           Power        Failure   Level  Hunger
a - Freeze                Ice            ####         1%          1    None
b - Throw Frost           Conj/Ice       ####..       6%          2    #......
c - Ozocubu's Armour      Chrm/Ice       ####....     12%         3    ##.....


Dungeon Overview and Level Annotations

Branches:
Dungeon (4/15)             Temple (1/1) D:4

Altars:
Elyvilon
Gozag
Kikubaaqudgha
Nemelex Xobeh
Okawaru
Sif Muna
Vehumet
Yredelemnul

Annotations:
D:3 Grinder, Robin


Innate Abilities, Weirdness & Mutations

You cannot wear most types of armour.
You are amphibious.
You can wear up to eight rings at the same time.
You can use your tentacles to constrict eight enemies at once.
Your skin changes colour to match your surroundings (Stealth).
Your rubbery body absorbs attacks (AC +1).


Message History

You barely miss the goblin. You grab the goblin. You constrict the goblin.
The goblin hits you.
* * * LOW HITPOINT WARNING * * *
Robin roars a battlecry!
The goblin goes into a battle-frenzy!
Drink which item? (? for menu, Esc to quit)
It was a potion of degeneration.
There was something very wrong with that liquid.
You feel weakened.
You constrict the goblin.
You kill the goblin!
Vehumet accepts your kill. The goblin misses you.
Robin roars a battlecry!
The goblin goes into a battle-frenzy!
Drink which item? (? for menu, Esc to quit)
It was a potion of magic.
Magic courses through your body. The goblin hits you.
* * * LOW HITPOINT WARNING * * *
Robin hits you with a club.
You die...

######...###.........
...............#####
...........###.######
...........# #.##...#
...........# #.##.#.#
...........# #.##.#.#
...........# #....#.# .
...........########.##....
...............g@g5........
...........#######S###.(...
......... #... ....
........ #.#... g.. .......
#.###..... ####### #.# .. .
...# #.. # ...# ### ...#


You could see Grinder, Robin, an adder and a goblin (frenzied).

Vanquished Creatures
  A phantom (D:4)
  An ogre (D:4)
  3 hounds (D:4)
  An orc wizard (D:4)
  2 giant frog skeletons
  An iguana (D:4)
  An orc priest (D:3)
  3 worker ants (D:4)
  3 adders
  A worm (D:2)
  A giant gecko (D:3)
  3 orcs (D:3)
  3 bats
  6 hobgoblins
  11 jackals
  A quokka (D:4)
  3 ball pythons
  A giant cockroach (D:2)
  10 goblins
  4 kobolds
  4 rats
64 creatures vanquished.

Notes
Turn   | Place    | Note
--------------------------------------------------------------
     0 | D:1      | RedPan the Octopode Ice Elementalist began the quest for the Orb.
     0 | D:1      | Reached XP level 1. HP: 11/11 MP: 3/3
   233 | D:1      | Reached XP level 2. HP: 17/17 MP: 5/5
   743 | D:2      | You fall through a shaft for 2 floors!
   754 | D:4      | Found a staircase to the Ecumenical Temple.
   787 | D:4      | Found a white marble altar of Elyvilon.
   799 | Temple   | Entered the Ecumenical Temple
   887 | Temple   | Became a worshipper of Vehumet
  1113 | D:4      | Found an iron altar of Okawaru.
  1129 | D:4      | Reached XP level 3. HP: 12/21 MP: 1/7
  1286 | D:4      | Reached XP level 4. HP: 27/27 MP: 5/9
  1408 | D:4      | Reached skill level 4 in Ice Magic
  1450 | D:4      | Reached XP level 5. HP: 13/31 MP: 4/11
  2018 | D:4      | Learned a level 2 spell: Throw Frost
  2022 | D:4      | Learned a level 3 spell: Ozocubu's Armour
  2035 | D:4      | Noticed a phantom
  2230 | D:4      | Reached XP level 6. HP: 17/36 MP: 11/13
  2398 | D:4      | Killed a phantom
  2398 | D:4      | Reached skill level 5 in Spellcasting
  2457 | D:4      | Reached skill level 5 in Ice Magic
  2615 | D:4      | Noticed an ogre
  2620 | D:4      | Killed an ogre
  2620 | D:4      | Reached XP level 7. HP: 41/41 MP: 5/14
  2859 | D:3      | Reached skill level 6 in Ice Magic
  2999 | D:3      | Reached * piety under Vehumet
  2999 | D:3      | Offered knowledge of Shock by Vehumet.
  3204 | D:3      | Noticed Grinder
  3204 | D:3      | Noticed Robin
  3224 | D:3      | Slain by Robin

Action                   |  1- 3 |  4- 6 |  7- 9 || total
-------------------------+-------+-------+-------++-------
Melee: Whip              |    34 |       |       ||    34
       Dagger            |     2 |    38 |    58 ||    98
 Cast: Freeze            |     8 |    26 |       ||    34
       Throw Frost       |       |     8 |     1 ||     9
       Ozocubu's Armour  |       |     2 |       ||     2
  Use: Potion            |     1 |       |     2 ||     3
 Stab: Sleeping          |     2 |       |     1 ||     3
  Eat: Chunk             |     1 |     4 |     2 ||     7
